 Dungeon Crawl Stone Soup version 0.25-a0-478-g33c61bdccf (webtiles) character file.

Game seed: 5537022826762140868, levelgen mode: deterministic

933 Fimbulvetr the Chopper (level 7, -6/62 HPs)
             Began as a Deep Dwarf Fighter on Feb 8, 2020.
             Mangled by an ice beast (11 damage)
             ... on level 5 of the Dungeon.
             The game lasted 00:16:33 (2875 turns).

Fimbulvetr the Chopper (Deep Dwarf Fighter)         Turns: 2875, Time: 00:16:33

Health: -6/62      AC: 11    Str: 21    XL:     7   Next: 86%
Magic:  2/2        EV:  9    Int:  9    God:
Gold:   145        SH: 10    Dex: 12    Spells: 6/6 levels left

rFire    . . .     SeeInvis +   g - -1 spear (curse)
rCold    . . .     Gourm    .   c - +0 shield
rNeg     . . .     Faith    .   b - +0 scale mail
rPois    .         Spirit   .   (no helmet)
rElec    .         Reflect  .   n - +0 cloak {+Inv}
rCorr    .         Harm     .   p - +2 pair of gloves
MR       +....                  (no boots)
Stlth    ..........             (no amulet)
HPRegen  0.00/turn              q - ring of see invisible
MPRegen  0.08/turn              (no ring)

@: non-regenerating
A: damage resistance, heal wounds, sense surroundings 1, no regeneration
a: Heal Wounds, Evoke Invisibility


You were on level 5 of the Dungeon.
You were not hungry.

You visited 2 branches of the dungeon, and saw 6 of its levels.

You collected 165 gold pieces.
You spent 20 gold pieces at shops.

Inventory:

Hand Weapons
 a - a +0 war axe
 g - a cursed -1 spear (weapon)
 l - a +0 war axe of venom
 r - a +5 hand axe
 s - a +5 war axe
 w - a +0 arbalest
Missiles
 e - 20 poisoned darts (quivered)
Armour
 b - a +0 scale mail (worn)
 c - a +0 shield (worn)
 n - a +0 cloak of invisibility (worn)
 p - a +2 pair of gloves (worn)
Jewellery
 q - a ring of see invisible (left hand)
Wands
 t - a wand of flame (18)
 u - a wand of random effects (9)
Scrolls
 o - 3 scrolls of identify
 v - a scroll of magic mapping
Potions
 d - a potion of haste {unknown}
 h - 2 potions of heal wounds
 i - 3 potions of brilliance {unknown}
 j - a potion of berserk rage {unknown}
 k - 3 potions of flight {unknown}
 m - 2 potions of lignification {unknown}
Comestibles
 f - 7 rations


   Skills:
 + Level 3.5 Fighting
 * Level 6.3(6.8) Axes
 + Level 3.0(4.5) Polearms
 + Level 0.4 Throwing
 + Level 4.8 Armour
 + Level 2.5 Dodging
 + Level 5.1 Shields


You had 6 spell levels left.
You didn't know any spells.
Your spell library contained the following spells:

 Spells                   Type           Power        Failure   Level  Hunger
 Beastly Appendage        Tmut           #.....       98%         1    ##.....
 Summon Small Mammal      Summ           #...         98%         1    ##.....
 Call Imp                 Summ           #.......     99%         2    ###....
 Call Canine Familiar     Summ           #.......     100%        3    ####...
 Summon Guardian Golem    Hex/Summ       #.......     100%        3    ####...
 Summon Ice Beast         Ice/Summ       #.......     100%        4    #####..
 Summon Lightning Spire   Summ/Air       #.......     100%        4    #####..


Dungeon Overview and Level Annotations

Branches:
Dungeon (5/15)             Temple (1/1) D:4

Altars:
Ashenzari
Cheibriados
Dithmenos
Elyvilon
Fedhas
Gozag
Hepliaklqana
Kikubaaqudgha
Nemelex Xobeh
Okawaru
Qazlal
Ru
Sif Muna
Uskayaw
Vehumet
Wu Jian
Xom
Yredelemnul
The Shining One

Shops:
D:4 *


Innate Abilities, Weirdness & Mutations

You are resistant to damage.
You can heal yourself by infusing magical energy.
You passively map a small area around you.
You do not regenerate.


Message History

Your shield and scale mail prevent you from hitting the ice beast.
The ice beast is heavily wounded.
You block the ice beast's attack.
You hit the ice beast.
The ice beast is heavily wounded.
You closely miss the ice beast.
The ice beast is heavily wounded.
You block the ice beast's attack.
You hit the ice beast but do no damage.
The ice beast is heavily wounded.
The ice beast hits you but does no damage.
You hit the ice beast.
The ice beast is severely wounded.
You block the ice beast's attack.
You puncture the ice beast!
The ice beast is almost dead.
The ice beast hits you.
* * * LOW HITPOINT WARNING * * *
The ice beast freezes you!
You die...

, , , ** * * ,
#,*
###.#######
#....<@Y..#
#.........# *
* #..........#
,
............#
*
*#############


You could see an ice beast.

Vanquished Creatures
  Sigmund (D:4)
  An ogre (D:4)
  2 scorpions (D:4)
  5 wights (D:2)
  2 howler monkeys (D:4)
  A bullfrog skeleton (D:4)
  An orc priest (D:4)
  Jessica (D:2)
  A worker ant (D:4)
  A hound skeleton (D:4)
  Robin (D:3)
  11 adders
  An ooze (D:3)
  2 worms (D:2)
  4 dart slugs
  2 leopard geckos (D:3)
  3 orcs (D:3)
  9 bats
  9 giant cockroaches
  17 goblins
  8 hobgoblins
  3 jackals (D:2)
  2 quokkas
  A ball python (D:3)
  4 frilled lizards
  3 kobolds
  A leopard gecko zombie (D:4)
  4 rats
101 creatures vanquished.

Notes
Turn   | Place    | Note
-------+----------+-------------------------------------------
     0 | D:1      | Fimbulvetr the Deep Dwarf Fighter began the quest for the
                  | Orb.
     0 | D:1      | Reached XP level 1. HP: 20/20 MP: 1/1
   186 | D:1      | Reached XP level 2. HP: 25/27 MP: 2/2
   480 | D:2      | Noticed Jessica
   481 | D:2      | Reached skill level 3 in Axes
   552 | D:2      | Reached XP level 3. HP: 30/33 MP: 3/3
   581 | D:2      | Killed Jessica
   581 | D:2      | Reached skill level 1 in Dodging
   652 | D:2      | Reached XP level 4. HP: 25/40 MP: 4/4
   695 | D:2      | Noticed a +0 hand axe
   695 | D:2      | Noticed a +0 hand axe
   698 | D:2      | Found a hide-covered altar of Uskayaw.
   806 | D:2      | Reached skill level 4 in Axes
   870 | D:2      | Reached XP level 5. HP: 10/49 MP: 5/5
  1023 | D:2      | Reached skill level 5 in Axes
  1156 | D:2      | Reached XP level 6. HP: 31/56 MP: 5/5
  1466 | D:3      | Found a shimmering blue altar of Sif Muna.
  1467 | D:3      | Found an ancient bone altar of Kikubaaqudgha.
  1470 | D:3      | Found a radiant altar of Vehumet.
  1475 | D:3      | Identified Sif Muna's Guide on Transmigration
  1655 | D:3      | Found a hazy altar of Hepliaklqana.
  1666 | D:3      | Found a shimmering altar of Xom.
  1667 | D:3      | Noticed a spectral ugly thing
  1756 | D:3      | Noticed Robin
  1800 | D:3      | Killed Robin
  1952 | D:3      | Found a snail-covered altar of Cheibriados.
  2017 | D:4      | HP: 2/56 [poisoned by a worker ant]
  2066 | D:4      | Reached skill level 1 in Polearms
  2142 | D:4      | Reached XP level 7. HP: 28/62 MP: 4/4
  2153 | D:4      | Reached skill level 6 in Axes
  2179 | D:4      | Found Zosicrec's Assorted Antiques.
  2197 | D:4      | Bought a scroll labeled LAEMESSINA for 20 gold pieces
  2317 | D:4      | Noticed Sigmund
  2328 | D:4      | Found a staircase to the Ecumenical Temple.
  2385 | D:4      | HP: 2/62 [Sigmund/puff of flame (6)]
  2386 | D:4      | Killed Sigmund
  2386 | D:4      | Reached skill level 5 in Shields
  2467 | Temple   | Entered the Ecumenical Temple
  2856 | D:5      | Entered Level 5 of the Dungeon
  2875 | D:5      | Mangled by an ice beast

Levels and vault maps discovered:
D:1:      dpeg_arrival_three_bigger_balls, layout_rooms
D:2:      layout_basic, dancing_weapons_uskayaw, minmay_hedge_maze,
          minmay_heptomino_h4, uniq_jessica
D:3:      layout_rooms, regret_index_temple_of_mockery,
          grunt_temple_overflow_magic_moments, marbit_many_paths, first_ration,
          uniq_robin
D:4:      layout_basic, minmay_temple_entry_proselytizer, serial_shops, shop,
          uniq_sigmund
D:5:      layout_rooms
Temple:   nicolae_temple_hex_pool

Skill      XL: |  1  2  3  4  5  6  7 |
---------------+----------------------+-----
Axes           | 3 4 5 6 |  6.3
Dodging        | 1 2 |  2.5
Fighting       | 3 |  3.5
Shields        | 4 5 |  5.1
Armour         | 4 |  4.8
Polearms       | 1 3 |  3.0
Throwing       | |  0.4

Action                   |  1- 3 |  4- 6 |  7- 9 || total
-------------------------+-------+-------+-------++-------
Melee: War axe           |    84 |   101 |       ||   185
       Spear             |       |   290 |   149 ||   439
Throw: Dart              |     6 |       |       ||     6
 Abil: Heal Wounds       |       |     6 |     2 ||     8
  Use: Scroll            |       |     6 |     1 ||     7
       Potion            |       |     1 |       ||     1
  Eat: Ration            |       |     1 |       ||     1
       Chunk             |       |     2 |     2 ||     4
Armor: Scale mail        |    26 |   230 |    50 ||   306
Dodge: Dodged            |    28 |   115 |    36 ||   179
Block: Shield            |    34 |   247 |    68 ||   349

Table legend:
 A = Non-vault XP
 B = Vault XP
 C = Vault XP percentage of total XP
 D = Non-vault monster count
 E = Vault monster count
 F = Vault count percentage of total count
                 A         B        C        D         E       F
            +---------+---------+-------+---------+---------+-------
      Total |    1011 |     323 |  24.2 |      81 |      20 |  19.8
            +---------+---------+-------+---------+---------+-------
        D:1 |      29 |       0 |   0.0 |      17 |       0 |   0.0
        D:2 |     374 |      57 |  13.2 |      23 |       5 |  17.9
        D:3 |      73 |      37 |  33.6 |      21 |      13 |  38.2
        D:4 |     535 |     229 |  30.0 |      20 |       2 |   9.1
            +---------+---------+-------+---------+---------+-------
